 Dungeon Crawl Stone Soup version 0.25.0-9-g26727b657a (webtiles) character file.

Game seed: 5774780360218272647

22 mopl the Insei (level 3, 0/20 HPs)
             Began as a Kobold Transmuter on June 17, 2020.
             Slain by a kobold
             ... wielding a +0 short sword
              (6 damage)
             ... on level 1 of the Dungeon.
             The game lasted 00:00:51 (388 turns).

mopl the Insei (Kobold Transmuter)                   Turns: 388, Time: 00:00:52

Health: 0/20       AC:  2    Str:  8    XL:     3   Next: 7%
Magic:  5/6        EV: 15    Int: 14    God:
Gold:   41         SH:  0    Dex: 15    Spells: 4/7 levels left

rFire    . . .     SeeInvis .     - Unarmed
rCold    . . .     Gourm    .   (shield restricted)
rNeg     . . .     Faith    .   b - +0 robe
rPois    .         Spirit   .   (no helmet)
rElec    .         Reflect  .   (no cloak)
rCorr    .         Harm     .   (no gloves)
MR       .....                  (boots currently unavailable)
Stlth    +.........             (no amulet)
HPRegen  0.06/turn              (no ring)
MPRegen  0.10/turn              (no ring)

@: appendage
A: small, talons 3, carnivore
a: End Transformation


You were on level 1 of the Dungeon.
You were completely stuffed.
You had grown temporary talons.
You visited 1 branch of the dungeon, and saw 1 of its levels.

You collected 41 gold pieces.

Inventory:

Missiles
 a - 29 arrows
 c - 8 stones (quivered)
Armour
 b - a +0 robe (worn)
Scrolls
 e - 2 scrolls of fear {unknown}
 j - a scroll of remove curse {unknown}
 l - a scroll of identify {unknown}
Potions
 f - 4 potions of curing {unknown}
 g - a potion of heal wounds {unknown}
 i - 2 potions of ambrosia {unknown}
 k - 2 potions of haste {unknown}
Comestibles
 d - 2 rations
 h - 3 chunks of flesh


   Skills:
 - Level 1.1 Fighting
 - Level 2.4 Dodging
 * Level 3.5 Unarmed Combat
 + Level 2.5 Spellcasting
 + Level 2.3 Transmutations


You had 4 spell levels left.
You knew the following spells:

 Your Spells              Type           Power        Failure   Level  Hunger
a - Beastly Appendage     Tmut           #.....       9%          1    #......
w - Sticks to Snakes      Tmut           #.......     13%         2    ###....

Your spell library contained the following spells:

 Spells                   Type           Power        Failure   Level  Hunger
 Spider Form              Tmut/Pois      #.........   38%         3    ###....
 Ice Form                 Ice/Tmut       #.......     80%         4    #####..
 Blade Hands              Tmut           #.........   94%         5    ######.


Dungeon Overview and Level Annotations

Branches:
Dungeon (1/15)

Altars:


Innate Abilities, Weirdness & Mutations

You are small and have problems with some larger weapons.
You are carnivorous and can eat meat at any time.
You have claws for feet.


Message History

Confirm with . or Enter, or press ? or * to list all spells.
Your feet morph into talons.
The kobold shouts!
You closely miss the kobold. You claw the kobold.
The kobold is moderately wounded.
The kobold hits you with a +0 short sword.
You hit the kobold but do no damage.
The kobold is moderately wounded.
The kobold hits you with a +0 short sword.
A kobold is nearby!
You are too injured to fight recklessly!
You are too injured to fight recklessly!
You completely miss the kobold. Your kick misses the kobold.
The kobold is moderately wounded.
The kobold hits you with a +0 short sword.
* * * LOW HITPOINT WARNING * * *
You closely miss the kobold.
The kobold is moderately wounded.
The kobold hits you with a +0 short sword.
You die...

#.>.........####...##.#
#########..........##.#
#..........รท..#
##.#.###.###### #..##
#.# ####.## #.#
#....#####.#
#.#........#
#@#.######## #K#.#
#.#.# #.#.# #.#.# ....#
#####


You could see a kobold.

Vanquished Creatures
  A dart slug (D:1)
  4 giant cockroaches (D:1)
  4 goblins (D:1)
  A hobgoblin (D:1)
  3 kobolds (D:1)
  A ball python (D:1)
  A bat (D:1)
  5 rats (D:1)
20 creatures vanquished.

Notes
Turn   | Place    | Note
-------+----------+-------------------------------------------
     0 | D:1      | mopl the Kobold Transmuter began the quest for the Orb.
     0 | D:1      | Reached XP level 1. HP: 12/12 MP: 3/3
    41 | D:1      | Reached XP level 2. HP: 11/16 MP: 3/5
    45 | D:1      | Learned a level 2 spell: Sticks to Snakes
   339 | D:1      | Reached XP level 3. HP: 12/20 MP: 6/6
   388 | D:1      | Slain by a kobold

Illustrated notes

Levels and vault maps discovered:
D:1:      ncdulo_wetmaze, layout_loops_ring

Action                   || total
-------------------------++-------
Melee: Unarmed           ||    65
       Kick              ||     5
       Headbutt          ||     7
 Cast: Beastly Appendage ||    12
  Eat: Chunk             ||     7
Armor: Robe              ||    11
Dodge: Dodged            ||    50
